 Dungeon Crawl Stone Soup version 0.27.0-1-g7a089689b8 (webtiles) character file.

Game seed: 8138682037092234882

63 Delamore the Sneak (level 4, -3/30 HPs)
             Began as an Octopode Brigand on Aug 6, 2021.
             Slain by an orc warrior (12 damage)
             ... on level 3 of the Dungeon.
             The game lasted 00:01:07 (1692 turns).

Delamore the Sneak (Octopode Brigand)               Turns: 1692, Time: 00:01:07

Health: -3/30      AC:  1    Str: 10    XL:     4   Next: 10%
Magic:  4/4        EV: 13    Int: 13    God:
Gold:   131        SH:  0    Dex: 14    Spells: 3/3 levels left

rFire    . . .     SeeInvis .   e - +3 dagger (vamp)
rCold    . . .     Faith    .   (no shield)
rNeg     . . .     Spirit   .   (helmet restricted)
rPois    .         Reflect  .   (no amulet)
rElec    .         Harm     .   (no ring)
rCorr    .         Rampage  .   (no ring)
Will     .....                  (no ring)
Stlth    ++++......             (no ring)
HPRegen  0.10/turn              (no ring)
MPRegen  0.09/turn              (no ring)
                                (no ring)
                                (no ring)

@: no status effects
A: almost no armour, amphibious, 8 rings, camouflage 1, gelatinous body 1,
(nimble swimmer 1), tentacles
a: no special abilities


You were on level 3 of the Dungeon.
You visited 1 branch of the dungeon, and saw 3 of its levels.

You collected 131 gold pieces.

Inventory:

Hand Weapons
 a - a +3 dagger
 e - a +3 vampiric dagger (weapon)
Missiles
 b - 8 poisoned darts (quivered)
 c - 2 curare-tipped darts
Potions
 d - a potion of degeneration {unknown}


   Skills:
 + Level 2.7 Fighting
 * Level 3.3 Short Blades
 - Level 2.0 Throwing
 + Level 2.0 Dodging
 - Level 5.3 Stealth


You had 3 spell levels left.
You didn't know any spells.
Your spell library contained the following spells:

 Spells                   Type           Power      Damage    Failure   Level
 Ozocubu's Armour         Ice            0%         N/A       67%         3
 Portal Projectile        Hex/Tloc       0%         N/A       67%         3
 Blade Hands              Tmut           0%         N/A       100%        5
 Excruciating Wounds      Necr           0%         N/A       100%        5
 Metabolic Englaciation   Hex/Ice        0%         N/A       100%        5
 Simulacrum               Ice/Necr       0%         N/A       100%        6


Dungeon Overview and Level Annotations

Branches:
Dungeon (3/15)

Altars:


Innate Abilities, Weirdness & Mutations

You cannot wear most types of armour.
You are amphibious.
You can wear up to eight rings at the same time.
Your skin changes colour to match your surroundings (Stealth+).
Your rubbery body absorbs attacks. (AC +1, EV +1)
((You are camouflaged near water. (Stealth+)))
You have tentacles for arms and can constrict up to eight enemies at once.


Message History

You now have 131 gold pieces (gained 16).
Found a stone staircase leading up.
There is a stone staircase leading up here.
There is a stone staircase leading up here.
Done exploring.
Done exploring.
No target in view!
Done exploring.
Done exploring.
There is a stone staircase leading down here.
You climb downwards.
There is a stone staircase leading up here.
An orc warrior comes into view. It is wielding a +0 trident.
The orc warrior throws a boomerang.
The boomerang hits you.
Found a hand axe.
An orc warrior is nearby!
An orc warrior is nearby!
An orc comes into view. It is wielding a +0 club.
Found a book of Misfortune.
The helpless orc fails to defend itself.
You impale the orc!!
You kill the orc!
An orc comes into view. It is wielding a +0 hand axe.
The orc warrior barely misses you.
The orc warrior hits you with a +0 trident!
You hit the orc warrior but do no damage.
Your grab misses the orc warrior. The orc warrior closely misses you.
You hit the orc warrior.
You feel better.
Your grab misses the orc warrior.
The orc warrior is lightly wounded.
The orc warrior hits you with a +0 trident!
* * * LOW HITPOINT WARNING * * *
You hit the orc warrior but do no damage.
You grab the orc warrior.
The orc warrior is lightly wounded.
You constrict the orc warrior. The orc warrior misses you.
You hit the orc warrior.
The orc warrior is lightly wounded.
You constrict the orc warrior.
The orc warrior hits you with a +0 trident!
You die...

#.. #.. #.##
..# .....# #
.. ...#.#
#.##.## .:....
o...##....#
#o......#
#@.....###
##.)......
##.######.
.##....<###.#
#............#
###.......####
#......##
........#
.###.....#


You could see an orc warrior and an orc (asleep).

Vanquished Creatures
  A hound skeleton (D:2)
  An adder (D:2)
  A dart slug (D:1)
  An orc (D:3)
  6 bats
  4 endoplasms
  3 giant cockroaches
  2 goblins
  4 hobgoblins
  2 jackals (D:1)
  2 quokkas (D:2)
  A ball python (D:1)
  4 frilled lizards
  2 kobolds (D:1)
  3 rats
37 creatures vanquished.

Notes
Turn   | Place    | Note
-------+----------+-------------------------------------------
     0 | D:1      | Delamore the Octopode Brigand began the quest for the Orb.
     0 | D:1      | Reached XP level 1. HP: 14/14 MP: 1/1
    70 | D:1      | Reached XP level 2. HP: 18/19 MP: 2/2
   407 | D:1      | Found a faded altar of an unknown god.
   868 | D:2      | Reached XP level 3. HP: 25/25 MP: 3/3
  1183 | D:2      | Reached XP level 4. HP: 30/30 MP: 4/4
  1684 | D:3      | Noticed an orc warrior
  1692 | D:3      | Slain by an orc warrior

Illustrated notes

Levels and vault maps discovered:
D:1:      psy_arrival_fountain, layout_basic,
          hellmonk_ecumenical_altar_inner_sanctum, st_stairs_10
D:2:      layout_loops_ring, wander_ebering_terrifying_dragon_lair
D:3:      layout_rooms, serial_park_tiny_2, uniq_sigmund

Skill      XL: |  1  2  3  4 |
---------------+-------------+-----
Short Blades   | 3 |  3.3
Dodging        | 2 |  2.0
Fighting       | |  2.7
Throwing       | |  2.0
Stealth        | |  5.3

Action                   |  1- 3 |  4- 6 || total
-------------------------+-------+-------++-------
Melee: Dagger            |    57 |    11 ||    68
       Constrict         |     8 |     3 ||    11
       Tentacles         |     7 |       ||     7
  Use: Scroll            |     4 |       ||     4
 Stab: Sleeping          |    14 |     1 ||    15
Armor: Skin              |     6 |       ||     6
Dodge: Dodged            |    23 |     8 ||    31
